[ AOE2 MATCH · #479864304 ]
1v1 RMBengalis vs Tatars
Player's team · WIN
Rival team · LOSS
[ REPLAY ANALYSIS · EXTRACTED FROM THE RECORDED GAME ]
Feudal
13:28
Castle
17:32
Imperial
33:48
| APM avg | 44.8 |
| APM peak | 80 |
| eAPM avg | 34.4 |
| Villagers / military | 187 / 717 |
Focus
⚔️ 56.6% · 🌾 43.4%
Skirmisher ×269 · Scout Cavalry ×260 · Elephant Archer ×103 · Spearman ×67 · Archer ×8 · Trebuchet (Packed) ×7
Feudal
10:20
Castle
14:40
Imperial
28:33
| APM avg | 24.1 |
| APM peak | 61 |
| eAPM avg | 16.7 |
| Villagers / military | 147 / 741 |
Focus
⚔️ 38.3% · 🌾 61.7%
Scout Cavalry ×315 · Skirmisher ×230 · Cavalry Archer ×150 · Trebuchet (Packed) ×18 · Battering Ram ×17 · Hand Cannoneer ×5
Match map
Initial resources + every placement click. Lines = walls · curves = elevation contours. ◆ gold · ⬟ stone · ● berries · ✦ relic · ◌ wall gap
Your base· ✓ Closed at 17:32 · 0t walls · 2 gate(s)
Yasmooses's base· ✓ Closed at 14:40 · 0t walls · 2 gate(s)
Smoothed initial terrain · ◌ = detected wall gap · hover for details
Inputs per minute
— Game on - - Yasmooses
Build order — Game on
First 150 of 1179 actions detected
| 0:01 | Create | Villager (Male) |
| 0:02 | Create | Villager (Male) |
| 0:02 | Create | Villager (Male) |
| 0:02 | Create | Villager (Male) |
| 0:05 | Build | House |
| 0:07 | Build | House |
| 1:28 | Create | Villager (Male) |
| 2:21 | Create | Villager (Male) |
| 2:21 | Create | Villager (Male) |
| 2:43 | Build | House |
| 2:45 | Build | House |
| 2:47 | Build | Lumber Camp |
| 3:08 | Create | Villager (Male) |
| 3:28 | Create | Villager (Male) |
| 3:28 | Create | Villager (Male) |
| 3:57 | Create | Villager (Male) |
| 4:27 | Create | Villager (Male) |
| 4:27 | Create | Villager (Male) |
| 4:51 | Create | Villager (Male) |
| 4:52 | Create | Villager (Male) |
| 4:55 | Create | Villager (Male) |
| 4:56 | Create | Villager (Male) |
| 5:46 | Build | Mill |
| 7:19 | Create | Villager (Male) |
| 7:29 | Build | Mining Camp |
| 7:40 | Create | Villager (Male) |
| 8:05 | Create | Villager (Male) |
| 8:35 | Create | Villager (Male) |
| 8:53 | Create | Villager (Male) |
| 8:54 | Create | Villager (Male) |
| 8:54 | Create | Villager (Male) |
| 9:07 | Build | House |
| 9:08 | Build | House |
| 9:11 | Research | Loom |
| 9:14 | Create | Villager (Male) |
| 9:14 | Create | Villager (Male) |
| 9:14 | Create | Villager (Male) |
| 10:06 | Create | Villager (Male) |
| 10:32 | Create | Villager (Male) |
| 10:57 | Research | Feudal Age |
| 11:24 | Build | Barracks |
| 11:25 | Build | House |
| 11:26 | Build | House |
| 11:33 | Build | Farm |
| 11:35 | Build | Farm |
| 11:36 | Build | Farm |
| 11:37 | Build | Farm |
| 11:38 | Build | Farm |
| 11:39 | Build | Farm |
| 12:07 | Create | Villager (Male) |
| 12:07 | Create | Villager (Male) |
| 12:08 | Create | Villager (Male) |
| 12:30 | Build | Farm |
| 12:32 | Build | Farm |
| 12:36 | Build | Farm |
| 12:38 | Build | Farm |
| 13:28 | Age | Feudal Age |
| 13:31 | Build | Stable |
| 13:37 | Build | Market |
| 13:44 | Research | Double-Bit Axe |
| 13:49 | Research | Horse Collar |
| 14:02 | Build | House |
| 14:33 | Build | House |
| 14:52 | Research | Castle Age |
| 15:21 | Research | Gold Mining |
| 15:30 | Create | Spearman |
| 15:42 | Build | House |
| 15:47 | Create | Scout Cavalry |
| 16:12 | Create | Scout Cavalry |
| 16:14 | Create | Spearman |
| 16:14 | Create | Spearman |
| 16:26 | Create | Scout Cavalry |
| 16:30 | Build | House |
| 16:32 | Build | House |
| 16:54 | Create | Scout Cavalry |
| 17:19 | Create | Spearman |
| 17:19 | Create | Spearman |
| 17:32 | Age | Castle Age |
| 17:36 | Build | Monastery |
| 17:39 | Research | Heavy Plow |
| 17:41 | Build | Farm |
| 17:41 | Build | Farm |
| 17:43 | Build | Farm |
| 17:44 | Build | Farm |
| 17:45 | Build | Farm |
| 17:46 | Build | Farm |
| 18:30 | Create | Spearman |
| 18:30 | Create | Spearman |
| 18:30 | Create | Spearman |
| 18:35 | Create | Monk |
| 18:35 | Create | Monk |
| 18:37 | Create | Monk |
| 18:44 | Create | Scout Cavalry |
| 19:05 | Create | Scout Cavalry |
| 19:22 | Create | Scout Cavalry |
| 20:18 | Create | Scout Cavalry |
| 20:26 | Build | House |
| 20:33 | Build | Town Center |
| 21:25 | Create | Villager (Male) |
| 21:25 | Create | Villager (Male) |
| 21:26 | Create | Villager (Male) |
| 21:27 | Create | Villager (Male) |
| 21:29 | Research | Bow Saw |
| 21:34 | Build | Town Center |
| 21:38 | Build | House |
| 21:39 | Build | House |
| 22:02 | Create | Villager (Male) |
| 22:02 | Create | Villager (Male) |
| 22:10 | Build | University |
| 22:13 | Build | House |
| 22:14 | Build | House |
| 22:15 | Build | House |
| 22:40 | Create | Villager (Male) |
| 22:40 | Create | Villager (Male) |
| 22:40 | Create | Villager (Male) |
| 22:41 | Create | Villager (Male) |
| 22:41 | Create | Villager (Male) |
| 22:45 | Research | Gold Shaft Mining |
| 22:45 | Research | Stone Mining |
| 23:15 | Build | Town Center |
| 23:17 | Create | Villager (Male) |
| 23:17 | Create | Villager (Male) |
| 23:17 | Create | Villager (Male) |
| 23:17 | Create | Villager (Male) |
| 23:43 | Create | Villager (Male) |
| 23:43 | Create | Villager (Male) |
| 23:44 | Create | Villager (Male) |
| 23:44 | Create | Villager (Male) |
| 23:44 | Create | Villager (Male) |
| 23:51 | Build | House |
| 23:52 | Build | House |
| 23:53 | Build | House |
| 24:03 | Create | Villager (Male) |
| 24:04 | Create | Villager (Male) |
| 24:04 | Create | Villager (Male) |
| 24:04 | Create | Villager (Male) |
| 24:09 | Build | Lumber Camp |
| 24:29 | Build | Town Center |
| 24:37 | Create | Villager (Male) |
| 24:37 | Create | Villager (Male) |
| 24:37 | Create | Villager (Male) |
| 24:42 | Create | Villager (Male) |
| 25:12 | Build | Town Center |
| 25:20 | Research | Treadmill Crane |
| 25:32 | Research | Wheelbarrow |
| 25:37 | Research | Town Watch |
| 25:52 | Create | Villager (Male) |
| 25:53 | Create | Villager (Male) |
| 26:11 | Build | Town Center |
| 26:13 | Create | Villager (Male) |
Build order — Yasmooses
First 150 of 554 actions detected
| 0:02 | Build | House |
| 0:05 | Build | House |
| 0:05 | Create | Villager (Male) |
| 0:06 | Create | Villager (Male) |
| 0:06 | Create | Villager (Male) |
| 0:06 | Create | Villager (Male) |
| 0:06 | Create | Villager (Male) |
| 1:40 | Create | Villager (Male) |
| 1:53 | Create | Villager (Male) |
| 1:53 | Create | Villager (Male) |
| 2:01 | Build | Lumber Camp |
| 2:15 | Create | Villager (Male) |
| 2:15 | Create | Villager (Male) |
| 2:44 | Create | Villager (Male) |
| 3:17 | Create | Villager (Male) |
| 3:17 | Create | Villager (Male) |
| 3:29 | Build | House |
| 3:30 | Build | House |
| 3:40 | Create | Villager (Male) |
| 3:40 | Create | Villager (Male) |
| 4:19 | Create | Villager (Male) |
| 4:20 | Create | Villager (Male) |
| 4:20 | Create | Villager (Male) |
| 4:20 | Create | Villager (Male) |
| 4:58 | Create | Villager (Male) |
| 4:58 | Create | Villager (Male) |
| 5:02 | Build | Mill |
| 6:16 | Create | Villager (Male) |
| 6:35 | Build | Mining Camp |
| 6:49 | Create | Villager (Male) |
| 6:49 | Create | Villager (Male) |
| 7:40 | Create | Villager (Male) |
| 7:40 | Create | Villager (Male) |
| 8:03 | Create | Villager (Male) |
| 8:10 | Research | Feudal Age |
| 8:17 | Build | Barracks |
| 8:18 | Build | House |
| 8:51 | Create | Villager (Male) |
| 8:52 | Create | Villager (Male) |
| 10:20 | Age | Feudal Age |
| 10:21 | Build | Stable |
| 10:24 | Build | Blacksmith |
| 11:02 | Research | Loom |
| 11:45 | Build | Market |
| 12:00 | Research | Castle Age |
| 12:51 | Create | Villager (Male) |
| 12:52 | Create | Villager (Male) |
| 13:09 | Research | Double-Bit Axe |
| 13:14 | Build | Farm |
| 13:15 | Build | Farm |
| 13:16 | Build | Farm |
| 13:22 | Build | Farm |
| 13:43 | Research | Horse Collar |
| 14:03 | Build | Farm |
| 14:10 | Build | Farm |
| 14:19 | Create | Scout Cavalry |
| 14:33 | Create | Scout Cavalry |
| 14:40 | Age | Castle Age |
| 14:58 | Build | House |
| 14:59 | Build | House |
| 15:20 | Build | Monastery |
| 15:36 | Research | Husbandry |
| 15:37 | Create | Villager (Male) |
| 15:46 | Build | Farm |
| 15:57 | Build | Farm |
| 16:04 | Create | Villager (Male) |
| 16:10 | Create | Monk |
| 16:15 | Create | Spearman |
| 16:28 | Build | Farm |
| 16:29 | Build | Farm |
| 16:52 | Create | Monk |
| 16:52 | Create | Villager (Male) |
| 16:53 | Create | Villager (Male) |
| 16:53 | Create | Villager (Male) |
| 17:50 | Build | Town Center |
| 17:59 | Create | Villager (Male) |
| 17:59 | Create | Villager (Male) |
| 18:39 | Create | Villager (Male) |
| 18:39 | Create | Villager (Male) |
| 18:44 | Build | House |
| 18:44 | Build | House |
| 18:57 | Create | Spearman |
| 19:23 | Research | Wheelbarrow |
| 19:26 | Research | Bloodlines |
| 19:54 | Create | Villager (Male) |
| 19:54 | Create | Villager (Male) |
| 19:54 | Create | Villager (Male) |
| 19:55 | Create | Villager (Male) |
| 20:28 | Research | Bow Saw |
| 21:03 | Create | Villager (Male) |
| 21:03 | Create | Villager (Male) |
| 21:04 | Create | Villager (Male) |
| 21:07 | Build | Farm |
| 21:08 | Build | Farm |
| 21:11 | Build | Farm |
| 21:12 | Build | Farm |
| 21:16 | Create | Villager (Male) |
| 21:17 | Create | Villager (Male) |
| 21:17 | Create | Villager (Male) |
| 21:25 | Create | Villager (Male) |
| 21:25 | Create | Villager (Male) |
| 21:26 | Create | Villager (Male) |
| 21:26 | Create | Villager (Male) |
| 21:26 | Create | Villager (Male) |
| 21:26 | Create | Villager (Male) |
| 21:35 | Build | Town Center |
| 22:30 | Create | Villager (Male) |
| 22:30 | Create | Villager (Male) |
| 22:30 | Create | Villager (Male) |
| 22:31 | Create | Villager (Male) |
| 22:31 | Create | Villager (Male) |
| 22:31 | Create | Villager (Male) |
| 22:35 | Build | Farm |
| 22:35 | Build | Farm |
| 22:41 | Build | Farm |
| 22:41 | Build | Farm |
| 22:55 | Build | Farm |
| 22:59 | Build | Farm |
| 23:07 | Build | Farm |
| 23:19 | Build | Farm |
| 23:20 | Create | Villager (Male) |
| 23:20 | Create | Villager (Male) |
| 23:21 | Create | Villager (Male) |
| 23:21 | Create | Villager (Male) |
| 23:50 | Build | University |
| 23:56 | Create | Villager (Male) |
| 23:56 | Create | Villager (Male) |
| 23:56 | Create | Villager (Male) |
| 24:27 | Build | Archery Range |
| 24:31 | Create | Villager (Male) |
| 24:31 | Create | Villager (Male) |
| 24:33 | Create | Villager (Male) |
| 24:33 | Create | Villager (Male) |
| 24:53 | Build | House |
| 24:56 | Build | House |
| 25:02 | Build | Archery Range |
| 25:23 | Research | Imperial Age |
| 25:29 | Build | Farm |
| 25:31 | Build | Farm |
| 25:33 | Create | Villager (Male) |
| 25:33 | Create | Villager (Male) |
| 25:52 | Build | Archery Range |
| 26:01 | Research | Gold Mining |
| 26:04 | Create | Villager (Male) |
| 26:04 | Create | Villager (Male) |
| 26:04 | Create | Villager (Male) |
| 26:04 | Create | Villager (Male) |
| 26:04 | Create | Villager (Male) |
| 26:05 | Create | Villager (Male) |
| 26:07 | Build | Farm |
Match timeline
| 8:17 | Yasmooses · first_building Barracks |
| 10:20 | Yasmooses · age_up feudal |
| 10:21 | Yasmooses · first_building Stable |
| 11:24 | Game on · first_building Barracks |
| 13:28 | Game on · age_up feudal |
| 13:31 | Game on · first_building Stable |
| 14:40 | Yasmooses · age_up castle |
| 15:20 | Yasmooses · first_building Monastery |
| 17:32 | Game on · age_up castle |
| 17:36 | Game on · first_building Monastery |
| 20:24 | Yasmooses · first_market_sell 100 wood |
| 20:25 | Yasmooses · first_market_buy 100 food |
| 22:53 | Game on · first_market_buy 100 stone |
| 24:27 | Yasmooses · first_building Archery Range |
| 27:33 | Yasmooses · first_building Castle |
| 28:33 | Yasmooses · age_up imperial |
| 29:24 | Game on · first_building Archery Range |
| 30:19 | Game on · first_building Castle |
| 30:31 | Game on · first_market_sell 100 wood |
| 33:48 | Game on · age_up imperial |
| 43:31 | Yasmooses · first_building Siege Workshop |
| 64:49 | Yasmooses · resign |
[ AI ANALYSIS · 1 CREDIT ]
What really happened in this match?
Wolo.gg analyzes every decision: build order, eco, micro, common mistakes by bracket. Personalized analysis on WhatsApp or Discord in 30 seconds.
Civ guide
Bengalis
Map guide
Arena
Perfil
Jugador #1917159